[Event "Titled Tuesday Blitz June 27 Early 2023"]
[White "Weishaeutel, Moritz"]
[Black "arenal72"]
[WhiteFideId "12967300"]
[WhiteElo "2647"]
[BlackElo "2343"]
[Result "1/2-1/2"]
[Round "1"]
[TimeControl "180+2"]
[Date "2023.06.27"]
[WhiteClock "0:00:44"]
[BlackClock "0:00:17"]
[Board "157"]

1. e4 c6 2. d4 d5 3. Nd2 dxe4 4. Nxe4 Nf6 5. Nxf6+ exf6 6. c3 Bd6 7. Bd3 O-O 8. Ne2 Nd7 9. O-O Nb6 10. Bf4 Bg4 11. Bxd6 Qxd6 12. Qc2 g6 13. Ng3 Kg7 14. h3 Be6 15. Rfe1 Rae8 16. Ne4 Qc7 17. Nc5 Bc4 18. a4 Bxd3 19. Qxd3 f5 20. a5 Nd5 21. c4 Nf6 22. b4 b6 23. Nb3 Re4 24. axb6 axb6 25. Nd2 Rxe1+ 26. Rxe1 Rd8 27. Qc3 Qf4 28. Nf3 Qd6 29. Rd1 Ne4 30. Qb2 f6 31. d5 cxd5 32. Rxd5 Qc7 33. Nd4 Kf7 34. Nb5 Qc8 35. Qd4 Rxd5 36. Qxd5+ Qe6 37. Qb7+ Kg8 38. Qb8+ Kg7 39. Qc7+ Kh6 40. Nd4 Qe5 41. Qxb6 Nd2 42. Nf3 Qa1+ 43. Kh2 Nf1+ 44. Kg1 Ng3+ 45. Kh2 Nf1+ 46. Kg1 Ng3+ 47. Kh2 Nf1+ 1/2-1/2


[Site "https://www.chess.com"]

[Event "Titled Tuesday Blitz June 27 Early 2023"]
[White "K2JW"]
[Black "Ernst, Sipke"]
[BlackFideId "1004689"]
[WhiteElo "2338"]
[BlackElo "2647"]
[Result "0-1"]
[Round "1"]
[TimeControl "180+2"]
[Date "2023.06.27"]
[WhiteClock "0:00:13"]
[BlackClock "0:00:05"]
[Board "158"]

1. d4 Nf6 2. c4 g6 3. Nc3 Bg7 4. e4 O-O 5. Nf3 d6 6. Be2 Nfd7 7. Be3 a5 8. O-O Nc6 9. d5 Nb4 10. Nd4 c5 11. dxc6 Nxc6 12. Nd5 Nc5 13. f3 Nxd4 14. Bxd4 Bxd4+ 15. Qxd4 e5 16. Qe3 Be6 17. Rfd1 Bxd5 18. Rxd5 Qe7 19. Rad1 Ra6 20. Qd2 Ne6 21. Rxd6 Rxd6 22. Qxd6 Qg5 23. Qd2 Qe7 24. Qxa5 Nd4 25. Bf1 f5 26. exf5 gxf5 27. Qd2 Kh8 28. Re1 Qc5 29. Qe3 Re8 30. f4 e4 31. b4 Qb6 32. Qc3 Qf6 33. Kh1 Re6 34. c5 Kg7 35. Bc4 Re7 36. Rd1 Nc6 37. Qxf6+ Kxf6 38. a3 e3 39. Kg1 Re4 40. Bd5 Rxf4 41. Bxc6 bxc6 42. g3 Rc4 43. Kf1 Ke5 44. Ke2 Ke4 45. Rd6 Rc2+ 46. Ke1 Kf3 47. Rd3 Rc1+ 48. Rd1 Rxd1+ 49. Kxd1 Kf2 50. b5 e2+ 51. Kc2 e1=Q 52. bxc6 Qa5 53. Kd3 Qxc5 0-1


[Site "https://www.chess.com"]

[Event "Titled Tuesday Blitz June 27 Early 2023"]
[White "Papasimakopoulos, Alexandros"]
[Black "Nithyalakshmi, Sivanesan"]
[WhiteFideId "4244125"]
[BlackFideId "5706955"]
[WhiteElo "2645"]
[BlackElo "2338"]
[Result "1-0"]
[Round "1"]
[TimeControl "180+2"]
[Date "2023.06.27"]
[WhiteClock "0:01:35"]
[BlackClock "0:00:32"]
[Board "159"]

1. d4 Nf6 2. c4 g6 3. Nc3 d5 4. Nf3 Bg7 5. Qb3 c6 6. cxd5 cxd5 7. Bg5 e6 8. e3 O-O 9. Bd3 Nc6 10. O-O h6 11. Bh4 g5 12. Bg3 Nh5 13. Rac1 Nxg3 14. hxg3 Rb8 15. Na4 Na5 16. Qc2 Bd7 17. Nc5 Nc6 18. a3 a6 19. b4 e5 20. dxe5 Nxe5 21. Nxe5 Bxe5 22. Bf5 Bb5 23. Rfd1 b6 24. Nb3 Ba4 25. Rd3 Qf6 26. g4 Qd6 27. Qb1 Bb5 28. Rd2 Bh2+ 29. Kh1 Be5 30. Nd4 Ba4 31. Nf3 Bf6 32. Bc2 Bb5 33. Rcd1 Qe6 34. Bf5 Qc6 35. Nd4 Qe8 36. Nxb5 Qxb5 37. Rxd5 Qc4 38. Rd6 Kg7 39. Rxf6 Kxf6 40. Qb2+ Ke7 41. Qe5+ 1-0


[Site "https://www.chess.com"]

[Event "Titled Tuesday Blitz June 27 Early 2023"]
[White "Dishman, Stephen"]
[Black "Taichman, Ori"]
[WhiteFideId "403024"]
[BlackFideId "2804069"]
[WhiteElo "2337"]
[BlackElo "2641"]
[Result "1-0"]
[Round "1"]
[TimeControl "180+2"]
[Date "2023.06.27"]
[WhiteClock "0:00:20"]
[BlackClock "0:00:03"]
[Board "160"]

1. c4 g6 2. g3 Bg7 3. Bg2 Nf6 4. Nf3 O-O 5. d4 d6 6. Nc3 Nc6 7. O-O Rb8 8. b3 e5 9. dxe5 dxe5 10. Qxd8 Rxd8 11. Bb2 e4 12. Ng5 Rd2 13. Ba3 Bf5 14. Rad1 Rc2 15. Rc1 Rxc1 16. Rxc1 Re8 17. Rd1 h6 18. Nh3 Ng4 19. Nd5 Nd4 20. Nxc7 Nxe2+ 21. Kf1 Rc8 22. Kxe2 Rxc7 23. Rd8+ Kh7 24. Bd6 Rc6 25. Nf4 Nxh2 26. Nd5 Bg4+ 27. Ke3 Bf3 28. Bxf3 exf3 29. c5 Ra6 30. a4 h5 31. Rd7 Bh6+ 32. Ke4 Kg8 33. Rxb7 f5+ 34. Ke5 Ng4+ 35. Ke6 Bg7 36. Nb4 Nxf2 37. Nxa6 Ne4 38. Rb8+ Kh7 39. c6 f2 40. c7 Nxd6 41. Kxd6 f1=Q 42. c8=Q Qd3+ 43. Ke6 Qe4+ 44. Kf7 Qd5+ 45. Qe6 Qxe6+ 46. Kxe6 Bd4 47. b4 Bf2 48. Nc5 Bxg3 49. Rb7+ Kh6 50. Rxa7 h4 51. Ra8 Kg5 52. Rh8 Kg4 53. a5 h3 54. a6 h2 55. a7 Bh4 56. Rxh4+ Kxh4 57. a8=Q g5 58. Qh8+ Kg3 59. Kxf5 g4 60. Ne4+ Kg2 61. Kxg4 Kh1 62. Ng3+ Kg2 63. b5 Kg1 64. b6 Kg2 65. b7 Kg1 66. b8=Q h1=Q 67. Qxh1+ Kf2 68. Qf3+ Ke1 69. Qb1+ Kd2 70. Qbd3+ 1-0


[Site "https://www.chess.com"]

[Event "Titled Tuesday Blitz June 27 Early 2023"]
[White "Eugene, Floryan"]
[Black "Adireddy Arjun"]
[WhiteFideId "20694784"]
[BlackFideId "25647709"]
[WhiteElo "2640"]
[BlackElo "2336"]
[Result "1-0"]
[Round "1"]
[TimeControl "180+2"]
[Date "2023.06.27"]
[WhiteClock "0:00:17"]
[BlackClock "0:00:03"]
[Board "161"]

1. e4 c5 2. Nf3 Nc6 3. Nc3 e6 4. d4 cxd4 5. Nxd4 Qc7 6. Be3 Nf6 7. Qf3 Bb4 8. Nb5 Qb8 9. Bf4 e5 10. Bg5 Be7 11. Bxf6 Bxf6 12. Nd5 Bd8 13. Qa3 Ba5+ 14. c3 Kd8 15. Nd6 Bb4 16. Nxf7+ Ke8 17. Nxb4 Kxf7 18. Bc4+ Ke8 19. Nd5 d6 20. O-O-O Rf8 21. Rd2 Bd7 22. Rhd1 Kd8 23. Bb5 a6 24. Nb6 axb5 25. Nxa8 b4 26. cxb4 Nd4 27. Qa5+ Ke7 28. Nb6 Qc7+ 29. Kb1 Be6 30. Rxd4 exd4 31. Qg5+ Ke8 32. Nd5 Bxd5 33. exd5 Rxf2 34. Re1+ Kf8 35. Rc1 Qd7 36. Qg3 Qf5+ 37. Ka1 Qf7 38. Qxd6+ Kg8 39. Rc8+ Qf8 40. Rxf8+ Rxf8 41. a4 Rf1+ 42. Ka2 d3 43. Qe6+ Kf8 44. Qc8+ Kf7 45. Qxb7+ Kf6 46. Qa6+ Ke5 47. Qxd3 1-0


[Site "https://www.chess.com"]

[Event "Titled Tuesday Blitz June 27 Early 2023"]
[White "Romero Ruscalleda, Josep"]
[Black "Komov, Roman"]
[WhiteFideId "2231859"]
[BlackFideId "24175714"]
[WhiteElo "2335"]
[BlackElo "2638"]
[Result "1-0"]
[Round "1"]
[TimeControl "180+2"]
[Date "2023.06.27"]
[WhiteClock "0:00:50"]
[BlackClock "0:00:29"]
[Board "162"]

1. e4 c5 2. c3 Nf6 3. e5 Nd5 4. Nf3 Nc6 5. Bc4 Nb6 6. Bb3 d5 7. exd6 Qxd6 8. O-O c4 9. Bc2 Bg4 10. Re1 e6 11. Qe2 Be7 12. b3 cxb3 13. axb3 O-O 14. h3 Bh5 15. Ba3 Qc7 16. Bxe7 Qxe7 17. d4 Rac8 18. Nbd2 Nxd4 19. Bxh7+ Kxh7 20. cxd4 a6 21. Ne4 Kg8 22. Ng3 Bxf3 23. Qxf3 Rfd8 24. Rad1 Nd5 25. Re5 Qf6 26. Qg4 Rc2 27. Ne4 Qe7 28. Rg5 g6 29. Re1 Nf6 30. Rxg6+ fxg6 31. Qxg6+ Kh8 32. Nxf6 Rxd4 33. Qh6+ 1-0


[Site "https://www.chess.com"]

[Event "Titled Tuesday Blitz June 27 Early 2023"]
[White "Jakubowski, Krzysztof"]
[Black "Garrido Outon, Alex"]
[WhiteFideId "1112848"]
[BlackFideId "24516279"]
[WhiteElo "2635"]
[BlackElo "2335"]
[Result "0-1"]
[Round "1"]
[TimeControl "180+2"]
[Date "2023.06.27"]
[WhiteClock "0:00:00"]
[BlackClock "0:00:08"]
[Board "163"]

1. c4 Nf6 2. Nc3 d6 3. d4 Nbd7 4. e4 e5 5. Nge2 g6 6. d5 h5 7. Qc2 Bh6 8. Bxh6 Rxh6 9. O-O-O a6 10. Kb1 h4 11. Nc1 Kf8 12. Be2 Kg7 13. g3 Qe7 14. f4 Nc5 15. fxe5 Qxe5 16. Bf3 hxg3 17. b4 Ncd7 18. Nd3 Qd4 19. hxg3 Rxh1 20. Rxh1 Qxc4 21. Qh2 Qxd3+ 22. Kb2 Kf8 23. Qh6+ Ke7 24. Be2 Qd4 25. Qg7 Ne5 26. Rh8 Qxb4+ 27. Kc2 Ned7 28. Bd3 b5 29. g4 Bb7 30. g5 Ng4 31. Rh7 Nge5 32. Be2 Qc5 33. Bg4 b4 34. Bxd7 Qxc3+ 35. Kb1 Kxd7 36. Qf6 Re8 0-1


[Site "https://www.chess.com"]

[Event "Titled Tuesday Blitz June 27 Early 2023"]
[White "Davidson, Kevin"]
[Black "TimGrutter03"]
[WhiteFideId "2056810"]
[WhiteElo "2330"]
[BlackElo "2631"]
[Result "0-1"]
[Round "1"]
[TimeControl "180+2"]
[Date "2023.06.27"]
[WhiteClock "0:00:06"]
[BlackClock "0:01:15"]
[Board "164"]

1. e4 c6 2. d4 d5 3. e5 c5 4. dxc5 e6 5. a3 Bxc5 6. Qg4 Ne7 7. Nf3 Qb6 8. Bd3 Bxf2+ 9. Ke2 Nbc6 10. Nc3 Nd4+ 11. Nxd4 Qxd4 12. Qxg7 Rg8 13. Qf6 Rxg2 14. Kf1 Bh4 0-1


[Site "https://www.chess.com"]

[Event "Titled Tuesday Blitz June 27 Early 2023"]
[White "Soham Kamotra"]
[Black "Sairam, Pranav"]
[WhiteFideId "46647490"]
[BlackFideId "30951330"]
[WhiteElo "2629"]
[BlackElo "2330"]
[Result "1-0"]
[Round "1"]
[TimeControl "180+2"]
[Date "2023.06.27"]
[WhiteClock "0:00:26"]
[BlackClock "0:00:00"]
[Board "165"]

1. c4 e6 2. g3 Nf6 3. Bg2 d5 4. Nf3 Be7 5. O-O O-O 6. b3 b6 7. Bb2 Bb7 8. e3 Nbd7 9. Nc3 dxc4 10. bxc4 c5 11. Qe2 e5 12. e4 Bd6 13. Nd5 Re8 14. Rfe1 h6 15. d3 Rb8 16. Bc3 Nf8 17. a4 Bc6 18. Qb2 Ng6 19. Bh3 a6 20. Bf5 b5 21. axb5 axb5 22. Bxg6 bxc4 23. Qd2 fxg6 24. dxc4 Rb3 25. Nh4 g5 26. Nf5 Nxd5 27. exd5 Bb7 28. Qc2 1-0


[Site "https://www.chess.com"]

[Event "Titled Tuesday Blitz June 27 Early 2023"]
[White "Rosenberg, Evan S"]
[Black "Manukyan, Sargis V."]
[WhiteFideId "2019299"]
[BlackFideId "13303465"]
[WhiteElo "2329"]
[BlackElo "2628"]
[Result "1/2-1/2"]
[Round "1"]
[TimeControl "180+2"]
[Date "2023.06.27"]
[WhiteClock "0:01:08"]
[BlackClock "0:00:14"]
[Board "166"]

1. d4 Nf6 2. Nf3 c5 3. d5 e6 4. Nc3 exd5 5. Nxd5 Nxd5 6. Qxd5 Be7 7. Bf4 O-O 8. Rd1 Nc6 9. c3 Qb6 10. Rd2 d6 11. Qb3 Rd8 12. Qxb6 axb6 13. a3 b5 14. e3 b4 15. axb4 cxb4 16. Bc4 Ra1+ 17. Rd1 Rxd1+ 18. Kxd1 Bf5 19. Ke2 d5 20. Bd3 Be4 21. Rd1 bxc3 22. bxc3 Ra8 23. Rd2 Ra1 24. Bxe4 dxe4 25. Ng5 Bxg5 26. Bxg5 f6 27. Bf4 Rb1 28. f3 exf3+ 29. gxf3 Rb3 30. c4 Kf7 31. Rd7+ Kg6 32. h4 h5 33. Bd6 Ne5 34. Bxe5 fxe5 35. e4 Rb4 36. c5 Rc4 37. Rxb7 Rxc5 38. Rb6+ Kf7 39. Ke3 Rc1 40. Rb7+ Kf6 41. Rb6+ Kf7 42. Rb7+ Kf6 1/2-1/2


[Site "https://www.chess.com"]

[Event "Titled Tuesday Blitz June 27 Early 2023"]
[White "Sadykov, Ramil"]
[Black "Freile Martin, Javier"]
[WhiteFideId "24113590"]
[BlackFideId "3600165"]
[WhiteElo "2627"]
[BlackElo "2326"]
[Result "1-0"]
[Round "1"]
[TimeControl "180+2"]
[Date "2023.06.27"]
[WhiteClock "0:00:58"]
[BlackClock "0:00:30"]
[Board "167"]

1. d4 Nf6 2. Nc3 d5 3. Bf4 c6 4. e3 Bf5 5. Nf3 e6 6. Ne5 Nbd7 7. g4 Bg6 8. h4 Nxe5 9. dxe5 Ne4 10. Nxe4 Bxe4 11. f3 Qa5+ 12. c3 O-O-O 13. fxe4 dxe4 14. Qc2 g5 15. hxg5 Bg7 16. Qxe4 Rd5 17. Bc4 Rc5 18. b4 Qa3 19. bxc5 Qxc3+ 20. Kf2 Rd8 21. Rad1 Rd2+ 22. Rxd2 Qxd2+ 23. Be2 1-0


[Site "https://www.chess.com"]

[Event "Titled Tuesday Blitz June 27 Early 2023"]
[White "Vifleemskaia, Svetlana"]
[Black "Zochowski, Kacper"]
[WhiteFideId "4129490"]
[BlackFideId "1125494"]
[WhiteElo "2316"]
[BlackElo "2627"]
[Result "0-1"]
[Round "1"]
[TimeControl "180+2"]
[Date "2023.06.27"]
[WhiteClock "0:00:00"]
[BlackClock "0:02:14"]
[Board "168"]

1. d4 d6 2. c4 Nf6 3. Nc3 Nbd7 4. e4 e5 5. d5 g6 6. Nge2 Bg7 7. Ng3 h5 8. Bg5 h4 9. Nge2 Rh5 10. Qd2 a5 11. h3 b6 12. O-O-O Nc5 13. Qe3 Ba6 14. b3 Qe7 15. a4 O-O-O 16. Kc2 Kb8 17. f3 Qd7 18. Nc1 Rdh8 19. Qd2 Qe7 20. Be3 Nfd7 21. Be2 Bh6 22. Nd3 Bxe3 23. Qxe3 f5 24. Nxc5 Nxc5 25. f4 R5h7 26. Rhe1 exf4 27. Qxf4 fxe4 28. Bg4 Rf7 29. Qe3 Re8 30. Rd4 g5 31. Re2 Bc8 32. Bxc8 Kxc8 33. Qg1 Rf4 34. Qe1 Qe5 35. Rdd2 e3 36. Rd1 Rf2 0-1


[Site "https://www.chess.com"]

[Event "Titled Tuesday Blitz June 27 Early 2023"]
[White "Lee, Qing Aun"]
[Black "Wang, Alexander J"]
[WhiteFideId "5804167"]
[BlackFideId "30955270"]
[WhiteElo "2627"]
[BlackElo "2312"]
[Result "1-0"]
[Round "1"]
[TimeControl "180+2"]
[Date "2023.06.27"]
[WhiteClock "0:00:50"]
[BlackClock "0:00:00"]
[Board "169"]

1. d4 d5 2. Nc3 e6 3. Bf4 a6 4. e3 Nf6 5. g4 h6 6. h4 c5 7. Bg2 Nc6 8. g5 hxg5 9. hxg5 Rxh1 10. Bxh1 Nd7 11. Qh5 g6 12. Qh8 cxd4 13. exd4 Qe7 14. O-O-O b5 15. Bxd5 Bb7 16. Ne4 exd5 17. Nd6+ Kd8 18. Nxb7+ Kc8 19. Nd6+ Kd8 20. Nf3 Nb6 21. Re1 Qxe1+ 22. Nxe1 Kd7 23. Qh3+ Ke7 24. Qe3+ Kd7 25. Nxf7 1-0


[Site "https://www.chess.com"]

[Event "Titled Tuesday Blitz June 27 Early 2023"]
[White "Bueno, Alfeu Junior Varela"]
[Black "Lopez Mulet, Inigo"]
[WhiteFideId "2108879"]
[BlackFideId "22235620"]
[WhiteElo "2311"]
[BlackElo "2626"]
[Result "0-1"]
[Round "1"]
[TimeControl "180+2"]
[Date "2023.06.27"]
[WhiteClock "0:00:05"]
[BlackClock "0:01:14"]
[Board "170"]

1. e4 b6 2. d4 Bb7 3. Bd3 g6 4. Nf3 Bg7 5. O-O d6 6. Re1 Nd7 7. Bc4 e5 8. Ng5 Nh6 9. c3 Qe7 10. a4 a5 11. f4 exd4 12. cxd4 c5 13. Nc3 Bxd4+ 14. Kh1 Nf6 15. Nd5 Nhg4 16. Nxf6+ Nxf6 17. Bxf7+ Kd7 18. e5 dxe5 19. fxe5 Nd5 20. Qg4+ Kc7 21. Ne6+ Kb8 22. Nxd4 Qxf7 23. e6 Qf2 24. Nf3 Ka7 25. Bh6 Rhe8 26. e7 Rxe7 27. Rxe7 Nxe7 28. Qd7 Nf5 29. Bf4 Nd4 30. Bg3 Qxb2 31. Rf1 Nxf3 32. gxf3 Qe2 33. Qb5 Bxf3+ 34. Kg1 Qg2# 0-1


[Site "https://www.chess.com"]

[Event "Titled Tuesday Blitz June 27 Early 2023"]
[White "Al-Tarboush, Ward"]
[Black "Silvestre, Christian"]
[WhiteFideId "7601450"]
[BlackFideId "30956269"]
[WhiteElo "2625"]
[BlackElo "2310"]
[Result "0-1"]
[Round "1"]
[TimeControl "180+2"]
[Date "2023.06.27"]
[WhiteClock "0:01:52"]
[BlackClock "0:00:12"]
[Board "171"]

1. e4 c6 2. Nf3 d5 3. Nc3 a6 4. d3 Bg4 5. Bf4 e6 6. Be2 Nf6 7. O-O Bb4 8. e5 Nfd7 9. h3 Bh5 10. g4 Bg6 11. a3 Ba5 12. b4 Bc7 13. d4 O-O 14. Kg2 f6 15. Bg3 fxe5 16. dxe5 a5 17. Qd2 c5 18. Nb5 Nc6 19. Nxc7 Qxc7 20. b5 Ne7 21. c4 Be4 22. Qg5 Ng6 23. cxd5 Bxd5 24. Rac1 Ndxe5 25. Rc3 Nxf3 26. Bxf3 Rxf3 27. Rxf3 Qf7 28. Qe3 Rf8 29. Re1 Qxf3+ 30. Qxf3 Rxf3 31. Kh2 b6 32. Bc7 Rxf2+ 33. Kg1 Rg2+ 34. Kf1 Nh4 35. Re3 Rb2 36. a4 Bb3 37. Bxb6 Bxa4 38. Bxc5 Bxb5+ 39. Kg1 Bc4 40. Rg3 Bd5 41. Kf1 Nf3 42. Bf2 a4 43. Bd4 a3 44. Bxb2 axb2 45. Kf2 b1=Q 46. Rg2 Qc2+ 47. Kg3 Qxg2+ 48. Kxg2 g5 49. Kg3 Nh4 50. Kh2 e5 51. Kg3 Bf7 52. Kf2 Bg6 53. Ke3 Kf7 54. Kf2 Ke6 55. Ke3 Kd5 56. Kd2 Kd4 57. Ke2 Ke4 58. Kf2 Kf4 59. Kg1 Kg3 60. Kh1 Kxh3 61. Kg1 Kxg4 62. Kh2 Kf5 63. Kg3 Ke6 64. Kg4 h6 65. Kg3 Kd7 66. Kg4 Kc7 67. Kg3 Kb6 68. Kg4 Kc5 69. Kg3 Be8 70. Kg4 Kd4 71. Kg3 Bd7 72. Kf2 e4 73. Kg3 e3 74. Kh2 e2 75. Kg3 e1=Q+ 76. Kh2 Qf2+ 77. Kh1 Bc6# 0-1


[Site "https://www.chess.com"]

[Event "Titled Tuesday Blitz June 27 Early 2023"]
[White "Osinovsky, Stepan"]
[Black "Alvarado Diaz, Alejandro"]
[WhiteFideId "4157354"]
[BlackFideId "2276119"]
[WhiteElo "2307"]
[BlackElo "2625"]
[Result "1-0"]
[Round "1"]
[TimeControl "180+2"]
[Date "2023.06.27"]
[WhiteClock "0:00:04"]
[BlackClock "0:00:00"]
[Board "172"]

1. Nf3 Nf6 2. g3 g6 3. Bg2 Bg7 4. O-O O-O 5. d3 d6 6. Nbd2 e5 7. e4 Nbd7 8. a4 c5 9. Nc4 Qc7 10. a5 b5 11. axb6 Nxb6 12. Nxb6 Qxb6 13. Nd2 Be6 14. Nc4 Qc7 15. Re1 d5 16. exd5 Nxd5 17. Ne3 Rad8 18. Nxd5 Bxd5 19. Bxd5 Rxd5 20. Qf3 Rd7 21. Re4 Qb7 22. Kg2 f5 23. Rea4 Qb6 24. Ra6 Qb8 25. Qc6 Rc7 26. Qe6+ Kh8 27. Qd6 f4 28. Rxa7 f3+ 29. Kh3 Qc8+ 30. g4 h5 31. Qxg6 hxg4+ 32. Qxg4 Rxa7 33. Rxa7 Qxg4+ 34. Kxg4 1-0


[Site "https://www.chess.com"]

[Event "Titled Tuesday Blitz June 27 Early 2023"]
[White "Ahmad, Khagan"]
[Black "Vaglio Munoz, Jaime"]
[WhiteFideId "13431552"]
[BlackFideId "6500145"]
[WhiteElo "2624"]
[BlackElo "2307"]
[Result "1-0"]
[Round "1"]
[TimeControl "180+2"]
[Date "2023.06.27"]
[WhiteClock "0:00:16"]
[BlackClock "0:01:07"]
[Board "173"]

1. e4 c5 2. Nf3 Qa5 3. c3 Nc6 4. Na3 d6 5. Nc4 Qc7 6. d4 e5 7. dxc5 dxc5 8. Ne3 Be6 9. Bc4 Rd8 10. Qa4 a6 11. Bxe6 fxe6 12. Qb3 Qd7 13. O-O b5 14. Rd1 Qc8 15. Rxd8+ Nxd8 16. Nxe5 Nf6 17. N3g4 c4 18. Qd1 Be7 19. Nxf6+ Bxf6 20. Qh5+ g6 21. Nxg6 hxg6 22. Qxg6+ Ke7 23. Bg5 Bxg5 24. Qxg5+ Ke8 25. Rd1 Qc7 26. Qf6 Rf8 27. Qg6+ Qf7 28. Qg3 Qf6 29. f3 e5 30. Qf2 Ne6 31. Qb6 Kf7 32. Qxa6 Nf4 33. Qxf6+ Kxf6 34. g3 Nd3 35. Rd2 Ke6 36. Kg2 Ne1+ 37. Kh1 Nd3 38. Kg2 Rxf3 39. Kxf3 Ne1+ 40. Ke2 Nd3 41. Rxd3 cxd3+ 42. Kxd3 Kd6 43. b3 Kc5 44. a4 b4 45. c4 Kc6 46. h4 Kd6 47. h5 Ke6 48. h6 Kf7 49. a5 Kg6 50. a6 Kxh6 51. a7 Kg5 52. a8=Q Kg4 53. Qd5 Kf3 54. c5 Kxg3 55. c6 Kf3 56. c7 Kf2 57. c8=Q Ke1 58. Qf5 Kd1 59. Qf1# 1-0


[Site "https://www.chess.com"]

[Event "Titled Tuesday Blitz June 27 Early 2023"]
[White "Spichkin, Alexander"]
[Black "Ganiev, Roman"]
[WhiteFideId "4144074"]
[BlackFideId "4131452"]
[WhiteElo "2305"]
[BlackElo "2622"]
[Result "1-0"]
[Round "1"]
[TimeControl "180+2"]
[Date "2023.06.27"]
[WhiteClock "0:01:26"]
[BlackClock "0:00:05"]
[Board "174"]

1. f4 Nf6 2. Nf3 d5 3. e3 Bg4 4. h3 Bxf3 5. Qxf3 c6 6. b3 Nbd7 7. Bb2 e6 8. Bd3 Bd6 9. O-O e5 10. fxe5 Bxe5 11. Nc3 O-O 12. Bf5 Re8 13. Rf2 Qe7 14. Raf1 Rad8 15. Kh1 Nf8 16. Bd3 Ng6 17. Nd1 Bxb2 18. Nxb2 Qe5 19. Nd1 Re7 20. Nc3 Nh5 21. Ne2 Nf6 22. Nd4 a6 23. Nf5 Ree8 24. Nxg7 Kxg7 25. Qxf6+ Qxf6 26. Rxf6 Re7 27. Bxg6 hxg6 28. g4 d4 29. e4 d3 30. c3 Rxe4 31. Rxf7+ Kh6 32. R1f4 Rxf4 33. Rxf4 Kg5 34. Rf3 b5 35. Kg2 c5 36. Kg3 c4 37. Rf7 Kh6 38. h4 g5 39. Rf6+ Kg7 40. hxg5 Re8 41. bxc4 bxc4 42. Rxa6 Re2 43. Rc6 Rxd2 44. Rxc4 Rxa2 45. Rd4 d2 46. Kf3 Rc2 47. c4 Kg6 48. Ke2 Kxg5 49. Kd1 Ra2 50. Rxd2 Ra1+ 51. Kc2 Kxg4 52. Kc3 Kf5 53. Re2 Rc1+ 54. Kb4 Rb1+ 55. Kc5 Kf6 56. Kc6 Kf7 57. c5 Kf6 58. Kc7 Kf7 59. c6 Kf6 60. Kc8 Kf7 61. c7 Kf8 62. Re5 Kf7 63. Kd7 1-0


[Site "https://www.chess.com"]

[Event "Titled Tuesday Blitz June 27 Early 2023"]
[White "Jia, Haoxiang"]
[Black "Blokhin, Sofia"]
[WhiteFideId "8602999"]
[BlackFideId "4508190"]
[WhiteElo "2621"]
[BlackElo "2305"]
[Result "1-0"]
[Round "1"]
[TimeControl "180+2"]
[Date "2023.06.27"]
[WhiteClock "0:00:12"]
[BlackClock "0:00:03"]
[Board "175"]

1. e4 c5 2. Nc3 e6 3. g3 Nc6 4. Bg2 g6 5. Nge2 Bg7 6. d3 Nge7 7. Be3 Nd4 8. Qd2 O-O 9. O-O d5 10. Rab1 b6 11. Bh6 Bxh6 12. Qxh6 Bb7 13. exd5 Nxe2+ 14. Nxe2 exd5 15. Rfe1 Nf5 16. Qd2 Qf6 17. Nf4 Rad8 18. c4 Nd4 19. b4 cxb4 20. cxd5 g5 21. Nh5 Qg6 22. Rxb4 Nf5 23. Rg4 h6 24. Nf4 Qd6 25. Be4 Ng7 26. Ng2 f5 27. Bxf5 Rxf5 28. Rd4 Bxd5 29. Ne3 Re5 30. Rc1 Qe6 31. Rc7 Ba8 32. Rxd8+ Kh7 33. Rxa8 Qd6 34. Raxa7 Qf6 35. Rxg7+ Qxg7 36. Rxg7+ Kxg7 37. Qc3 1-0


[Site "https://www.chess.com"]

[Event "Titled Tuesday Blitz June 27 Early 2023"]
[White "Biriukov, Ilja"]
[Black "Aldokhin, Ivan"]
[WhiteFideId "4113373"]
[BlackFideId "24115720"]
[WhiteElo "2304"]
[BlackElo "2620"]
[Result "0-1"]
[Round "1"]
[TimeControl "180+2"]
[Date "2023.06.27"]
[WhiteClock "0:00:32"]
[BlackClock "0:00:45"]
[Board "176"]

1. c4 Nf6 2. Nc3 g6 3. g3 Bg7 4. Bg2 O-O 5. d3 c6 6. Nf3 d5 7. O-O dxc4 8. dxc4 Be6 9. Nd2 a5 10. Qc2 Na6 11. a3 Qc8 12. Rb1 Bh3 13. b4 axb4 14. axb4 h5 15. c5 Bxg2 16. Kxg2 h4 17. Nc4 Qe6 18. Nb6 Rad8 19. Be3 Ng4 20. Bd2 Nc7 21. Ne4 Nb5 22. e3 Na3 23. Qc1 Qxe4+ 24. f3 Qxb1 25. Qxa3 Rxd2+ 0-1


[Site "https://www.chess.com"]

[Event "Titled Tuesday Blitz June 27 Early 2023"]
[White "Jaskolka, Tomasz"]
[Black "Rodriguez Polo, Mateo"]
[WhiteFideId "1170791"]
[BlackFideId "24509396"]
[WhiteElo "2620"]
[BlackElo "2304"]
[Result "1/2-1/2"]
[Round "1"]
[TimeControl "180+2"]
[Date "2023.06.27"]
[WhiteClock "0:00:42"]
[BlackClock "0:00:25"]
[Board "177"]

1. d4 Nf6 2. Nc3 d6 3. e4 e5 4. Nf3 Nbd7 5. Bc4 Be7 6. O-O O-O 7. h3 c6 8. a4 h6 9. Be3 Re8 10. Ba2 Bf8 11. dxe5 dxe5 12. Qe2 Qc7 13. Rfd1 Nc5 14. Re1 Be6 15. Bxe6 Nxe6 16. Rad1 Bb4 17. Qc4 a5 18. Re2 Rad8 19. Red2 Bxc3 20. bxc3 Rxd2 21. Rxd2 Rd8 22. Rxd8+ Nxd8 23. Nd2 Nd7 24. f3 Qd6 25. Kf2 Ne6 26. Qb3 Nec5 27. Qc4 Kf8 28. Nb3 b6 29. Nxc5 Nxc5 30. Bxc5 Qxc5+ 31. Qxc5+ bxc5 32. Ke3 c4 33. f4 f6 34. fxe5 fxe5 35. Kf3 Kf7 36. Kg4 Kg6 37. h4 h5+ 38. Kf3 Kf6 39. g4 g6 40. gxh5 gxh5 41. Ke3 Ke6 42. Kf3 Kd6 43. Ke3 Kc5 44. Kf3 Kd6 45. Ke3 Ke6 46. Kf3 Kd6 1/2-1/2


[Site "https://www.chess.com"]

[Event "Titled Tuesday Blitz June 27 Early 2023"]
[White "rikchessmx"]
[Black "Karaev, Seit-Amet"]
[BlackFideId "4169549"]
[WhiteElo "2296"]
[BlackElo "2619"]
[Result "0-1"]
[Round "1"]
[TimeControl "180+2"]
[Date "2023.06.27"]
[WhiteClock "0:00:45"]
[BlackClock "0:01:16"]
[Board "178"]

1. e4 Nf6 2. Nc3 d5 3. exd5 Nxd5 4. Bc4 c6 5. Qf3 e6 6. Nge2 g6 7. O-O Bg7 8. d4 O-O 9. Rd1 Nd7 10. Ne4 h6 11. Bb3 b5 12. a4 Bb7 13. Nd6 Qc7 14. Nxb7 Qxb7 15. axb5 cxb5 16. Nc3 N7f6 17. Ne4 Nxe4 18. Qxe4 Rad8 19. Bd2 a6 20. Ba5 Rd7 21. Qf3 b4 22. Ba4 Rd6 23. c4 bxc3 24. bxc3 Qc8 25. Rdc1 Qc4 26. Qd1 Rc8 27. Bb3 Qc6 28. c4 Nf4 29. d5 exd5 30. cxd5 Qxc1 31. Rxc1 Rxc1 32. Bb4 Rxd1+ 33. Bxd1 Rxd5 0-1


[Site "https://www.chess.com"]

[Event "Titled Tuesday Blitz June 27 Early 2023"]
[White "Kaidanov, Gregory"]
[Black "Zaksaite, Salomeja"]
[WhiteFideId "2008564"]
[BlackFideId "12801496"]
[WhiteElo "2619"]
[BlackElo "2294"]
[Result "1-0"]
[Round "1"]
[TimeControl "180+2"]
[Date "2023.06.27"]
[WhiteClock "0:00:45"]
[BlackClock "0:00:00"]
[Board "179"]

1. d4 Nf6 2. c4 g6 3. Nc3 Bg7 4. e4 d6 5. Be2 O-O 6. Bg5 c5 7. d5 e6 8. Qd2 exd5 9. exd5 Qb6 10. Nf3 Bf5 11. Nh4 Ne4 12. Nxe4 Bxe4 13. f3 h6 14. Bxh6 Bxh6 15. Qxh6 Qxb2 16. Rc1 Re8 17. fxe4 Rxe4 18. O-O Qd4+ 19. Kh1 Rxh4 20. Qg5 Nd7 21. Qe7 Ne5 22. Rcd1 Qe4 23. Qxb7 Re8 24. Rf2 Kg7 25. Rdf1 Rxh2+ 26. Kxh2 Rh8+ 27. Kg1 Rf8 28. Qb2 1-0


[Site "https://www.chess.com"]

[Event "Titled Tuesday Blitz June 27 Early 2023"]
[White "Mikhaylova, Irina"]
[Black "Chen, Justin"]
[WhiteFideId "4109040"]
[BlackFideId "2098199"]
[WhiteElo "2291"]
[BlackElo "2617"]
[Result "0-1"]
[Round "1"]
[TimeControl "180+2"]
[Date "2023.06.27"]
[WhiteClock "0:02:50"]
[BlackClock "0:02:26"]
[Board "180"]

1. d4 e6 2. Nf3 c5 3. Ng1 cxd4 4. Nf3 Nc6 5. c4 dxc3 6. Nd4 cxb2 7. Nc3 bxa1=Q 8. Bb2 Qxd1+ 9. Kxd1 Nxd4 10. e3 Nc6 0-1


[Site "https://www.chess.com"]